 Dungeon Sprint DCSS version 0.30-a0-469-g84de5afbc5 (webtiles) character file.

Game seed: 240546000145537858

5800000 NinjaNoafa the Intangible (level 27, 0/228 HPs)
             Began as a Djinni Gladiator on Dec 19, 2022.
             Was the Champion of Makhleb.
             Slain by The Servant
             ... wielding a +9 glaive of flaming
              (7 damage)
             ... in the Dungeon (Sprint VIII: "Arena of Blood").
             The game lasted 00:01:41 (58 turns).

NinjaNoafa the Intangible (Djinni Gladiator)          Turns: 58, Time: 00:01:42

Health: 0/228      AC:  8    Str: 13    XL:     27
Gold:   0          EV: 40    Int: 11    God:    Makhleb [******] SH:  0 Dex: 28

rFire   + + .      SeeInvis .    k - +∞ Axe of Woe
rCold   x . .      Faith    .    (shield currently unavailable)
rNeg    . . .      Spirit   .    b - +0 leather armour
rPois   ∞          Reflect  .    c - +0 helmet
rElec   .          Harm     .    (no cloak)
rCorr   .          Rampage  .    (no gloves)
Will    ++...      NoTele   +    (boots unavailable)
Stlth   ++++++++++               (no amulet)
HPRegen 0.58/turn                l - +30 ring of slaying
MPRegen 0.00/turn                m - +30 ring of slaying

@: flying
A: sickness immunity, fire resistance 2, cold vulnerability 1, float, innate
caster, HP casting, extra vitality 1
a: Renounce Religion, Minor Destruction, Lesser Servant of Makhleb, Major
Destruction, Greater Servant of Makhleb


You were in the Dungeon.
You worshipped Makhleb.
Makhleb was exalted by your worship.
You visited 1 branch

Inventory:

Hand Weapons
 a - a +0 war axe
 k - the +∞ Axe of Woe (weapon)
   (You found it in the Dungeon)
Missiles
 d - 3 throwing nets (quivered)
 e - a javelin
Armour
 b - a +0 leather armour (worn)
 c - a +0 helmet (worn)
Jewellery
 l - a +30 ring of slaying (left hand)
 m - a +30 ring of slaying (right hand)
Scrolls
 j - a scroll of blinking
Potions
 f - a potion of curing
 g - a potion of heal wounds
 h - a potion of haste
 i - a potion of berserk rage


   Skills:
 O Level 27 Fighting
 + Level 23.7(27) Short Blades
 + Level 22.8(26.7) Long Blades
 O Level 27 Axes
 + Level 21.1(27) Maces & Flails
 + Level 21.1(27) Polearms
 + Level 22.8(27) Staves
 + Level 21.1 Ranged Weapons
 O Level 27 Throwing
 O Level 27 Armour
 O Level 27 Dodging
 O Level 27 Stealth
 + Level 24.6 Shields
 + Level 24.6 Unarmed Combat
 O Level 27 Spellcasting
 O Level 27 Invocations
 + Level 24.6 Evocations


You had 9 spell levels left.
You knew the following spells:

 Your Spells              Type           Power      Damage    Failure   Level
a - Necrotise             Necr           100%       1d9       0%          1
b - Searing Ray           Conj           100%       2d8       0%          2
c - Tukima's Dance        Hex            65%        N/A       0%          3
d - Gell's Gravitas       Tloc           65%        N/A       0%          3
e - Dispel Undead         Necr           65%        3d22      0%          4
f - Agony                 Necr           65%        N/A       0%          5
g - Summon Cactus Giant   Summ           32%        N/A       0%          6
h - Starburst             Conj/Fire      32%        6d10      0%          6
i - Enfeeble              Hex            32%        N/A       1%          7
j - Discord               Hex            32%        N/A       1%          8
k - Ignition              Fire           32%        3d10      1%          8
l - Chain Lightning       Conj/Air       32%        3d43      3%          9
m - Fire Storm            Conj/Fire      32%        8d8       3%          9
Your spell library was empty.

Dungeon Overview and Level Annotations

Branches:
Dungeon (1/1)

Altars:
Makhleb

Annotations:
D The Servant


Innate Abilities, Weirdness & Mutations

You are immune to sickness and miasma.
You are immune to poison.
Your flesh is very heat resistant. (rF++)
You are vulnerable to cold. (rC-)
You float through the air rather than walking.
You learn spells naturally, not from books.
Your magical power is your life essence.
You have superior vitality. (+4 MHP)


Message History

The destroyer blinks!
You hear a shout! x3
Your base Maces & Flails skill increases to level 21!
Your base Polearms skill increases to level 21!
Your Ranged Weapons skill increases to level 21!
You open the bag of meat like a pillowcase!!!!
You cleave the bag of meat in twain.
You kill the bag of meat!
Makhleb accepts your kill.
You slice the bag of meat like a ripe choko!!!
You chop the bag of meat into pieces.
You kill the bag of meat!
Makhleb accepts your kill.
You feel better.
You slice the bag of meat!!
You hew the bag of meat savagely.
You kill the bag of meat!
Makhleb accepts your kill.
You feel better.
You chop the bag of meat into pieces!!! You chop the bag of meat into pieces.
You kill the bag of meat!
Makhleb accepts your kill.
You feel better.
You slice the bag of meat like a ripe choko!!!
You butcher the bag of meat messily.
You kill the bag of meat!
Makhleb accepts your kill.
You feel better.
You are engulfed in blazing flames.
You resist.
You hear a shout! x3
The eight-headed meat hydra calls on the powers of darkness!
The eight-headed meat hydra convulses!
The bag of meat convulses!
The large bag of meat convulses!
Flame seeps out of the large bag of meat.
The bag of meat convulses! x4; The meat berserker convulses!
Your body is wracked with pain!
* * * LOW HITPOINT WARNING * * *
The large bag of meat is engulfed in blazing flames.
You hear a shout! x3
The Servant hits you from afar with a +9 glaive of flaming!!!
* * * LOW HITPOINT WARNING * * *
The Servant burns you!
You die...

.... ....o..... ....
......o.... .....
......... .....
#..○.oD.# ..#...
#..o....#
.O...o###.§o....###.
...o.o○@)Oo###......
.§.#.O))).o.§.......
#)oo@OVV#o§§..#....
...)ooo..#XO<._# .
.#o§oo§..#..L..#
..)#.zoo...._.....
.)..o......###......
).O...###... ..###.
..... #... ..#


You could see a tyrant (fast), The Servant, an eight-headed meat hydra, 2
destroyers, a sculptor of flesh, 3 large bags of meat, 3 meat berserkers and 21
bags of meat.

Vanquished Creatures
  A royal mummy (D)
  9 vampire knights (D)
  22 ogres (D)
  2 two-headed ogres (D)
  2 liches (D)
  33 orcs (D)
  5 skeletal warriors (D)
74 creatures vanquished.

Vanquished Creatures (collateral kills)
  An ogre (D)
  An orc (D)
2 creatures vanquished.

Vanquished Creatures (others)
  A vampire knight (D)
  2 orcs (D)
3 creatures vanquished.

Grand Total: 79 creatures vanquished

Notes
Turn   | Place    | Note
-------+----------+-------------------------------------------
     0 | D        | Found the +∞ Axe of Woe
     0 | D        | NinjaNoafa the Djinni Gladiator began the quest for the
                  | Orb.
     0 | D        | Reached XP level 1. HP: 18/18 MP: 0/0
     4 | D        | Became a worshipper of Makhleb the Destroyer
     5 | D        | Noticed a meat berserker
     6 | D        | Noticed a bag of meat
     7 | D        | Noticed a bag of meat
     7 | D        | Noticed a bag of meat
     7 | D        | Noticed a bag of meat
     7 | D        | Noticed a bag of meat
     7 | D        | Noticed a bag of meat
     7 | D        | Noticed a bag of meat
     8 | D        | Noticed a bag of meat
     8 | D        | Noticed a bag of meat
     9 | D        | Noticed a meat berserker
    10 | D        | Killed a bag of meat
    10 | D        | Noticed a bag of meat
    10 | D        | Noticed a meat berserker
    11 | D        | Reached skill level 10 in Axes
    11 | D        | Reached XP level 2. HP: 15/38 MP: 0/0
    11 | D        | Reached XP level 3. HP: 18/43 MP: 0/0
    11 | D        | Learned a level 1 spell: Necrotise
    11 | D        | Reached XP level 4. HP: 20/49 MP: 0/0
    11 | D        | Reached XP level 5. HP: 23/55 MP: 0/0
    11 | D        | Learned a level 2 spell: Searing Ray
    11 | D        | Reached XP level 6. HP: 25/61 MP: 0/0
    11 | D        | Reached XP level 7. HP: 28/67 MP: 0/0
    11 | D        | Learned a level 3 spell: Tukima's Dance
    11 | D        | Reached XP level 8. HP: 30/72 MP: 0/0
    11 | D        | Reached XP level 9. HP: 32/77 MP: 0/0
    11 | D        | Learned a level 3 spell: Gell's Gravitas
    11 | D        | Reached XP level 10. HP: 35/84 MP: 0/0
    11 | D        | Reached XP level 11. HP: 37/89 MP: 0/0
    11 | D        | Learned a level 4 spell: Dispel Undead
    11 | D        | Killed a meat berserker
    11 | D        | Reached * piety under Makhleb
    11 | D        | Killed a bag of meat
    12 | D        | Reached skill level 15 in Fighting
    12 | D        | Reached skill level 15 in Armour
    12 | D        | Reached skill level 15 in Invocations
    12 | D        | Reached XP level 12. HP: 47/103 MP: 0/0
    12 | D        | Reached XP level 13. HP: 49/109 MP: 0/0
    12 | D        | Learned a level 5 spell: Agony
    12 | D        | Killed a meat berserker
    12 | D        | Killed a bag of meat
    12 | D        | Reached ** piety under Makhleb
    12 | D        | Killed a bag of meat
    12 | D        | Killed a bag of meat
    12 | D        | Noticed a meat berserker
    12 | D        | Noticed a bag of meat
    13 | D        | Reached XP level 14. HP: 123/123 MP: 0/0
    13 | D        | Reached XP level 15. HP: 129/129 MP: 0/0
    13 | D        | Learned a level 6 spell: Summon Cactus Giant
    13 | D        | Reached *** piety under Makhleb
    13 | D        | Reached **** piety under Makhleb
    14 | D        | Reached XP level 16. HP: 140/140 MP: 0/0
    14 | D        | Noticed a meat berserker
    14 | D        | Noticed a meat berserker
    15 | D        | Killed a meat berserker
    15 | D        | Noticed a meat berserker
    17 | D        | Noticed a large bag of meat
    17 | D        | Killed a meat berserker
    17 | D        | Killed a meat berserker
    17 | D        | Killed a meat berserker
    17 | D        | Reached ***** piety under Makhleb
    17 | D        | Noticed a meat berserker
    18 | D        | Reached XP level 17. HP: 138/152 MP: 0/0
    18 | D        | Learned a level 6 spell: Starburst
    18 | D        | Killed a meat berserker
    19 | D        | Reached skill level 10 in Spellcasting
    19 | D        | Reached XP level 18. HP: 147/161 MP: 0/0
    22 | D        | Reached skill level 27 in Dodging
    24 | D        | Killed a meat berserker
    25 | D        | Noticed a meat berserker
    26 | D        | Noticed a destroyer
    26 | D        | Killed a large bag of meat
    27 | D        | Reached XP level 19. HP: 164/172 MP: 0/0
    27 | D        | Learned a level 7 spell: Enfeeble
    27 | D        | Reached ****** piety under Makhleb
    27 | D        | Noticed a destroyer
    28 | D        | Noticed a destroyer
    29 | D        | Killed a meat berserker
    29 | D        | Noticed a large bag of meat
    30 | D        | Reached skill level 27 in Fighting
    30 | D        | Reached skill level 27 in Armour
    30 | D        | Reached skill level 27 in Invocations
    30 | D        | Killed a destroyer
    30 | D        | Noticed a meat berserker
    31 | D        | Reached skill level 27 in Axes
    31 | D        | Reached XP level 20. HP: 176/181 MP: 0/0
    32 | D        | Killed a destroyer
    32 | D        | Killed a destroyer
    33 | D        | Reached skill level 27 in Spellcasting
    33 | D        | Reached skill level 5 in Stealth
    33 | D        | Reached XP level 21. HP: 187/187 MP: 0/0
    33 | D        | Learned a level 8 spell: Discord
    33 | D        | Noticed a destroyer
    33 | D        | Noticed a meat berserker
    34 | D        | Noticed a destroyer
    34 | D        | Killed a destroyer
    34 | D        | Noticed a destroyer
    35 | D        | Noticed a meat berserker
    36 | D        | Noticed a destroyer
    36 | D        | Killed a meat berserker
    36 | D        | Killed a destroyer
    37 | D        | Reached XP level 22. HP: 194/194 MP: 0/0
    38 | D        | Noticed a meat berserker
    39 | D        | Killed a destroyer
    39 | D        | Killed a large bag of meat
    40 | D        | Reached skill level 27 in Throwing
    40 | D        | Noticed a destroyer
    40 | D        | Killed a meat berserker
    40 | D        | Noticed a destroyer
    41 | D        | Reached skill level 27 in Stealth
    41 | D        | Reached XP level 23. HP: 184/201 MP: 0/0
    41 | D        | Learned a level 8 spell: Ignition
    42 | D        | Reached skill level 5 in Short Blades
    42 | D        | Reached skill level 5 in Long Blades
    42 | D        | Reached skill level 5 in Staves
    42 | D        | Reached skill level 5 in Shields
    42 | D        | Reached skill level 5 in Unarmed Combat
    42 | D        | Reached skill level 5 in Evocations
    42 | D        | Noticed The Servant
    43 | D        | Reached skill level 5 in Maces & Flails
    43 | D        | Reached skill level 5 in Polearms
    43 | D        | Reached skill level 5 in Ranged Weapons
    43 | D        | Noticed a destroyer
    44 | D        | Noticed a tyrant
    44 | D        | Noticed a tyrant
    44 | D        | Killed a destroyer
    45 | D        | Killed a destroyer
    46 | D        | Reached skill level 10 in Short Blades
    46 | D        | Reached skill level 10 in Long Blades
    46 | D        | Reached skill level 10 in Staves
    46 | D        | Reached XP level 24. HP: 188/208 MP: 0/0
    47 | D        | Noticed a large bag of meat
    48 | D        | Killed a destroyer
    49 | D        | Reached skill level 15 in Shields
    49 | D        | Reached skill level 15 in Unarmed Combat
    49 | D        | Reached skill level 15 in Evocations
    49 | D        | Noticed a large bag of meat
    51 | D        | Reached skill level 15 in Long Blades
    51 | D        | Reached skill level 15 in Staves
    51 | D        | Reached XP level 25. HP: 179/214 MP: 0/0
    51 | D        | Learned a level 9 spell: Chain Lightning
    51 | D        | Noticed a large bag of meat
    51 | D        | Noticed a destroyer
    52 | D        | Killed a tyrant
    53 | D        | Reached XP level 26. HP: 219/221 MP: 0/0
    53 | D        | Noticed an accursed
    53 | D        | Killed an accursed
    53 | D        | Noticed a destroyer
    54 | D        | Killed a destroyer
    54 | D        | Noticed a tyrant
    55 | D        | Reached XP level 27. HP: 224/228 MP: 0/0
    55 | D        | Learned a level 9 spell: Fire Storm
    56 | D        | Killed a tyrant
    57 | D        | Noticed a large bag of meat
    58 | D        | HP: 7/228 [The Servant/+9 glaive of flaming (61)]
    58 | D        | Slain by The Servant

Illustrated notes

Levels and vault maps discovered:
D:        meatsprint

Skill      XL: |  1  2  3  4  5  6  7  8  9 10 11 12 13 14 15 16 17 18 19 20 21 22 23 24 25 26 27 |
---------------+----------------------------------------------------------------------------------+-----
Fighting       | 12 15 19 21 23 24 26 27 | 27.0
Axes           | 10 13 16 18 20 21 22 27 | 27.0
Armour         | 11 15 19 21 23 24 26 27 | 27.0
Dodging        | 13 17 20 22 25 26 27 | 27.0
Invocations    | 11 15 19 21 23 24 26 27 | 27.0
Spellcasting   | 9 10 13 22 27 | 27.0
Throwing       | 14 23 27 | 27.0
Stealth        | 5 17 27 | 27.0
Short Blades   | 10 16 20 22 23 | 23.7
Long Blades    | 10 15 19 21 22 | 22.8
Maces & Flails | 9 14 18 20 21 | 21.1
Polearms       | 9 14 18 20 21 | 21.1
Staves         | 10 15 19 21 22 | 22.8
Ranged Weapons | 9 14 18 20 21 | 21.1
Shields        | 11 16 21 23 24 | 24.6
Unarmed Combat | 11 16 21 23 24 | 24.6
Evocations     | 11 16 21 23 24 | 24.6

Action                   |  1- 3 |  4- 6 |  7- 9 | 10-12 | 13-15 | 16-18 | 19-21 | 22-24 | 25-27 || total
-------------------------+-------+-------+-------+-------+-------+-------+-------+-------+-------++-------
Melee: Executioner's axe |     1 |       |       |     1 |     2 |     7 |     8 |     8 |     8 ||    35
 Cast: Discord           |       |       |       |       |       |       |       |     1 |       ||     1
       Starburst         |       |       |       |       |       |       |       |     1 |       ||     1
       Summon Cactus Gia |       |       |       |       |       |       |       |     1 |       ||     1
       Ignition          |       |       |       |       |       |       |       |     3 |       ||     3
 Stab: Distracted        |       |       |       |       |       |       |     1 |       |       ||     1
Dodge: Dodged            |     1 |       |       |       |       |     1 |       |       |       ||     2

Table legend: (Time is in decaauts)
 A = Elapsed time spent in this place.
 B = Non-inter-level travel time spent in this place.
 C = Inter-level travel time spent in this place.
 D = Time resting spent in this place.
 E = Time spent auto-exploring this place.
 F = Levels seen in this place.
 G = Mean time per level.
                   A        B        C        D        E       F      G
               +--------+--------+--------+--------+--------+-----+--------+
         Total |     50 |     50 |      0 |      0 |      0 |   1 |   50.0 |
       Dungeon |     50 |     50 |      0 |      0 |      0 |   1 |   50.0 |
               +--------+--------+--------+--------+--------+-----+--------+

Top non-repeatable levels by time:
       D: 50 daAuts
